 Dungeon Crawl Stone Soup version 0.25.1-2-g60ff931df9 (webtiles) character file.

Game seed: 12104387931003192536

877 Qrupt the Skirmisher (level 7, -2/56 HPs)
             Began as a Demonspawn Gladiator on Oct 29, 2020.
             Was an Initiate of Ru.
             Slain by a wight
             ... wielding a +4 dire flail
              (10 damage)
             ... on level 7 of the Dungeon.
             The game lasted 00:09:46 (3990 turns).

Qrupt the Skirmisher (Demonspawn Gladiator)         Turns: 3990, Time: 00:09:47

Health: -2/56      AC:  7    Str: 16 (17) XL:     7   Next: 75%
Magic:  7/7        EV: 12    Int:  9 (11) God:    Ru [......]
Gold:   220        SH:  0    Dex: 13 (14) Spells: 6/6 levels left

rFire    . . .     SeeInvis .   a - +0 long sword
rCold    . . .     Gourm    .   (no shield)
rNeg     . . .     Faith    .   b - +0 leather armour
rPois    .         Spirit   .   (helmet restricted)
rElec    .         Reflect  .   (no cloak)
rCorr    .         Harm     .   h - +0 pair of gloves
MR       .....                  (no boots)
Stlth    ++........             (no amulet)
HPRegen  0.18/turn              (no ring)
MPRegen  0.10/turn              (no ring)

@: very heavily drained
A: horns 2, yellow scales 2, blurry vision 1, clever 1, nightstalker 1
a: Sacrifice Courage, Sacrifice Purity, Sacrifice Resistance, Reject Sacrifices,
Renounce Religion


You were on level 7 of the Dungeon.
You worshipped Ru.
Ru was noncommittal.
You were not hungry.

You visited 2 branches of the dungeon, and saw 7 of its levels.

You collected 220 gold pieces.

Inventory:

Hand Weapons
 a - a +0 long sword (weapon)
Missiles
 d - 2 throwing nets (quivered)
Armour
 b - a +0 leather armour (worn)
 c - a +0 helmet
 h - a +0 pair of gloves (worn)
Jewellery
 o - a -4 ring of dexterity
 p - an uncursed ring of teleportation
Scrolls
 e - a scroll of identify
 j - a scroll of magic mapping {unknown}
 l - 2 scrolls of blinking {unknown}
 m - 2 scrolls of teleportation {unknown}
 s - a scroll of immolation {unknown}
 w - a scroll of fear {unknown}
 x - a scroll of remove curse
 y - a scroll of fog {unknown}
Potions
 g - 2 potions of curing
 i - a potion of cancellation
 k - 2 potions of brilliance
 r - a potion of might
 v - a potion of stabbing {unknown}
 z - a potion of haste {unknown}
Comestibles
 f - 5 rations


   Skills:
 + Level 5.4(2.3) Fighting
 + Level 5.3(2.3) Long Blades
 - Level 1.7(0.0) Throwing
 + Level 5.3(2.3) Dodging


You had 6 spell levels left.
You didn't know any spells.
Your spell library was empty.

Dungeon Overview and Level Annotations

Branches:
Dungeon (5/15)             Temple (1/1) D:4

Altars:
Ashenzari
Cheibriados
Dithmenos
Elyvilon
Fedhas
Hepliaklqana
Kikubaaqudgha
Nemelex Xobeh
Qazlal
Ru
Sif Muna
Trog
Uskayaw
Wu Jian
Yredelemnul
Zin

Shops:
D:7 (

Annotations:
D:3 3 runed translucent doors, MilkNation's ghost, amateur NaFi


Innate Abilities, Weirdness & Mutations

You have a pair of horns on your head.
You are mostly covered in yellow scales. (AC +3)
You are slightly more attuned to the shadows.
Scrolls take you a little longer to read.
Your mind is acute. (Int +2)


Message History

The wight is severely damaged.
The wight closely misses you.
The wight hits you with a +4 dire flail.
Unknown command.
You hit the wight but do no damage.
The wight is severely damaged.
The wight hits you but does no damage.
The wight hits you with a +4 dire flail!
* * * LOW HITPOINT WARNING * * *
The wight barely misses you.
Unknown command.
You feel better.
The wight hits you with a +4 dire flail!
* * * LOW HITPOINT WARNING * * *
You feel better.
The wight hits you with a cursed +2 trident.
* * * LOW HITPOINT WARNING * * *
You feel drained.
The wight hits you with a +4 dire flail!
You die...

####### ###$....#####
##..........!###
##............... ###
#................ #..#
#................ #..#
##...............
#..####z)..##........##
#..zz@.############...
##.Z#### ###. #.## ##
##..# #.Z.# #.z.##
##....# #.....#
##.....#


You could see 3 wights and a quokka skeleton.

Vanquished Creatures
  An ogre (D:7)
  2 bullfrogs
  A scorpion (D:4)
  2 wights (D:7)
  2 howler monkeys (D:7)
  2 crimson imps (D:7)
  A bullfrog zombie (D:7)
  2 orc priests (D:4)
  A hound (D:4)
  An orc wizard (D:4)
  Jessica (D:2)
  2 bullfrog skeletons
  A worker ant (D:4)
  Robin (D:2)
  3 adders (D:2)
  An adder zombie (D:7)
  An adder skeleton (D:7)
  A dart slug (D:2)
  2 leopard geckos
  10 orcs
  4 giant cockroaches
  11 goblins
  9 hobgoblins
  5 jackals
  4 kobolds
  2 quokkas
  3 ball pythons
  9 bats
  2 frilled lizards (D:1)
  4 rats
91 creatures vanquished.

Notes
Turn   | Place    | Note
-------+----------+-------------------------------------------
     0 | D:1      | Qrupt the Demonspawn Gladiator began the quest for the Orb.
     0 | D:1      | Reached XP level 1. HP: 16/16 MP: 1/1
     2 | D:1      | Noticed a centaur
     2 | D:1      | Noticed a tengu
     4 | D:1      | Noticed an ogre
     4 | D:1      | Noticed a merfolk
     6 | D:1      | Noticed a dwarf
     6 | D:1      | Noticed an elf
     8 | D:1      | Noticed a demigod
     8 | D:1      | Noticed an octopode
    10 | D:1      | Noticed a felid
    10 | D:1      | Noticed a spriggan
    12 | D:1      | Noticed a vampire
    12 | D:1      | Noticed a human
    14 | D:1      | Noticed a gargoyle
    16 | D:1      | Noticed a formicid
    18 | D:1      | Noticed a troll
    18 | D:1      | Noticed a halfling
    20 | D:1      | Noticed a vine stalker
    20 | D:1      | Noticed a minotaur
    22 | D:1      | Noticed a demonspawn
    24 | D:1      | Noticed a ghoul
    24 | D:1      | Noticed a draconian
    26 | D:1      | Noticed a naga
   297 | D:1      | Gained mutation: You are slightly more attuned to the
                  | shadows. [demonic ancestry]
   297 | D:1      | Reached XP level 2. HP: 22/22 MP: 2/2
   803 | D:2      | Gained mutation: You are partially covered in yellow
                  | scales. (AC +2) [demonic ancestry]
   803 | D:2      | Reached XP level 3. HP: 28/28 MP: 3/3
   848 | D:2      | HP: 1/28 [poisoned by an adder]
  1466 | D:2      | Noticed a bullfrog
  1470 | D:2      | Gained mutation: Scrolls take you a little longer to read.
                  | [potion of mutation]
  1470 | D:2      | Gained mutation: Your mind is acute. (Int +2) [potion of
                  | mutation]
  1476 | D:2      | Killed a bullfrog
  1476 | D:2      | Reached XP level 4. HP: 21/35 MP: 4/4
  1699 | D:2      | Noticed Jessica
  1702 | D:2      | Killed Jessica
  1702 | D:2      | Gained mutation: You are mostly covered in yellow scales.
                  | (AC +3) [demonic ancestry]
  1702 | D:2      | Reached XP level 5. HP: 36/41 MP: 5/5
  1767 | D:2      | Noticed Robin
  1782 | D:2      | Killed Robin
  2260 | D:3      | Found a runed translucent gate.
  2260 | D:3      | Found a runed translucent gate.
  2260 | D:3      | Found a runed translucent gate.
  2262 | D:3      | Noticed MilkNation's ghost (amateur NaFi)
  2265 | D:3      | Identified the cursed +1 chain mail of Faicusmiu {rElec rN+
                  | Int-4 Dex+4}
  2444 | D:3      | Found a faded altar of an unknown god.
  2776 | D:4      | Found a staircase to the Ecumenical Temple.
  2789 | Temple   | Entered the Ecumenical Temple
  2847 | Temple   | Became a worshipper of Ru the Awakened
  2954 | D:4      | Gained mutation: You have a pair of small horns on your
                  | head. [demonic ancestry]
  2954 | D:4      | Reached XP level 6. HP: 48/48 MP: 6/6
  3220 | D:5      | Entered Level 5 of the Dungeon
  3461 | D:4      | Found a hide-covered altar of Uskayaw.
  3623 | D:4      | You fall into a shaft and drop 3 floors!
  3638 | D:7      | Found Muankat's Weapon Shoppe.
  3719 | D:7      | Gained mutation: You have a pair of horns on your head.
                  | [demonic ancestry]
  3719 | D:7      | Reached XP level 7. HP: 55/55 MP: 7/7
  3861 | D:7      | Noticed a hippogriff
  3908 | D:7      | Reached skill level 5 in Long Blades
  3908 | D:7      | Reached skill level 5 in Dodging
  3912 | D:7      | Reached skill level 5 in Fighting
  3990 | D:7      | Slain by a wight

Illustrated notes

Levels and vault maps discovered:
D:1:      kb_arrival_jail, layout_rooms
D:2:      layout_basic, uniq_robin, uniq_jessica
D:3:      layout_basic, biasface_ghost_orc_armoury,
          chequers_ecumenical_altar_simple_redux
D:4:      layout_loops_ring, kennysheep_mini,
          minmay_temple_entry_statues_fountains, first_ration
D:5:      layout_loops_ring, okawaru_trees_1, basic_altar
D:7:      layout_cave_pods, serial_shops, shop
Temple:   nicolae_temple_no_exploring_needed

Skill      XL: |  1  2  3  4  5  6  7 |
---------------+----------------------+-----
Dodging        | 3 4 5 |  5.3
Long Blades    | 3 4 5 |  5.3
Fighting       | 3 4 5 |  5.4
Throwing       | |  1.7

Action                   |  1- 3 |  4- 6 |  7- 9 || total
-------------------------+-------+-------+-------++-------
Melee: Long sword        |    82 |   125 |    52 ||   259
       Headbutt          |       |    14 |    13 ||    27
Throw: Throwing net      |     1 |     1 |       ||     2
  Use: Scroll            |     2 |     3 |       ||     5
       Potion            |     2 |       |     7 ||     9
 Stab: Sleeping          |     3 |     4 |       ||     7
       Held in net/web   |       |     1 |       ||     1
  Eat: Chunk             |     2 |     7 |     1 ||    10
Armor: Leather armour    |    25 |    38 |    22 ||    85
Dodge: Dodged            |    69 |    91 |    56 ||   216
       Rpst.: Long sword |    29 |    25 |    13 ||    67
